 Dungeon Crawl Stone Soup version 0.29-a0-557-g43b9904bd1 (webtiles) character file.

Game seed: 10882890077310808972

102 DocClef the Covert (level 4, -2/41 HPs)
             Began as a Gnoll Delver on June 8, 2022.
             Slain by a black bear (8 damage)
             ... on level 5 of the Dungeon.
             The game lasted 00:00:17 (179 turns).

DocClef the Covert (Gnoll Delver)                    Turns: 179, Time: 00:00:18

Health: -2/41      AC:  3    Str: 13    XL:     4   Next: 78%
Magic:  5/5        EV: 13    Int:  9    God:
Gold:   10         SH:  0    Dex: 14    Spells: 5/5 levels left

rFire   . . .      SeeInvis .   a - +0 short sword
rCold   . . .      Faith    .   (no shield)
rNeg    . . .      Spirit   .   b - +0 leather armour
rPois   .          Reflect  .   (no helmet)
rElec   .          Harm     .   (no cloak)
rCorr   .          Rampage  .   (no gloves)
Will    .....                   (no boots)
Stlth   ++++......              (no amulet)
HPRegen 0.13/turn               (no ring)
MPRegen 0.09/turn               (no ring)

@: no status effects
A: fangs 1, strong nose, distributed training
a: no special abilities


You were on level 5 of the Dungeon.
You visited 1 branch of the dungeon, and saw 1 of its levels.

You collected 10 gold pieces.

Inventory:

Hand Weapons
 a - a +0 short sword (weapon)
Armour
 b - a +0 leather armour (worn)
Wands
 g - a wand of digging (3)
 h - a wand of paralysis (3)
Scrolls
 c - a scroll of fog
 d - a scroll of magic mapping
 e - a scroll of fear
 j - a scroll of enchant weapon {unknown}
Potions
 f - a potion of haste
 i - a potion of mutation {unknown}


   Skills:
 + Level 6.6 Fighting
 + Level 4.7 Short Blades
 + Level 1.2 Long Blades
 + Level 1.2 Axes
 + Level 1.2 Maces & Flails
 + Level 1.2 Polearms
 + Level 1.2 Staves
 + Level 1.2 Slings
 + Level 1.2 Bows
 + Level 1.2 Crossbows
 + Level 1.2 Throwing
 + Level 1.2 Armour
 + Level 4.7 Dodging
 + Level 9.6 Stealth
 + Level 1.2 Shields
 + Level 1.2 Unarmed Combat
 + Level 1.2 Spellcasting
 + Level 1.0 Conjurations
 + Level 1.0 Hexes
 + Level 1.0 Summonings
 + Level 1.0 Necromancy
 + Level 1.0 Translocations
 + Level 1.0 Transmutations
 + Level 1.0 Fire Magic
 + Level 1.0 Ice Magic
 + Level 1.0 Air Magic
 + Level 1.0 Earth Magic
 + Level 1.0 Poison Magic
 + Level 1.3 Invocations
 + Level 1.2 Evocations


You had 5 spell levels left.
You didn't know any spells.
Your spell library was empty.

Dungeon Overview and Level Annotations

Branches:
Dungeon (5/15)
 Temple: D:4-7

Altars:


Innate Abilities, Weirdness & Mutations

You have very sharp teeth.
Your uncanny sense of smell can sniff out nearby items.
Your experience applies equally to all skills.


Message History

Your Translocations skill increases to level 1!
Your Transmutations skill increases to level 1!
Your Fire Magic skill increases to level 1!
Your Ice Magic skill increases to level 1!
Your Air Magic skill increases to level 1!
Your Earth Magic skill increases to level 1!
Your Poison Magic skill increases to level 1!
Unknown command.
You start resting.
The sentinel's mark upon you fades away.
You start resting.
Something unseen opens the door.
You close the door.
Something unseen opens the door.
An orc comes into view. It is wielding a +0 flail.
An orc comes into view. It is wielding a +0 falchion.
An orc comes into view. It is wielding a +0 whip.
An orc comes into view. It is wielding a +0 short sword.
An orc comes into view. It is wielding a +0 flail.
An orc comes into view. It is wielding a +0 whip.
The orc hits you with a +0 flail!
An orc comes into view. It is wielding a +0 war axe.
The orc shouts! x2
You puncture the orc!
You kill the orc!
You hit the orc but do no damage. You bite the orc.
The orc is moderately wounded.
The black bear bites you. The black bear misses you. x2
The orc closely misses you.
You hit the orc.
The orc is heavily wounded.
The black bear barely misses you. The black bear claws you.
The black bear barely misses you. The orc closely misses you.
The orc hits you with a +0 war axe!
* * * LOW HITPOINT WARNING * * *
You hit the orc.
The orc is almost dead.
You puncture the orc!
You kill the orc!
The black bear bites you!
You die...

....... ##...)... .......
....[.... .......
......... .......
........######.......
........#............
........#...o........
##......#...h@o.........#
.....h..##'###).........#
##.#+###.....#.o.o......#
#.....#..o.......#
#.....#..........#
#.....#..........#
#.....#..........#
#.....#....>.....#
#.#####.....#######....#


You could see a black bear and 5 orcs.

Vanquished Creatures
  Blork the orc (D:5)
  A hound (D:5)
  2 orcs (D:5)
4 creatures vanquished.

Notes
Turn   | Place    | Note
-------+----------+-------------------------------------------
     0 | D:5      | Reached skill level 9 in Stealth
     0 | D:5      | DocClef the Gnoll Delver began the quest for the Orb.
     0 | D:5      | Reached XP level 1. HP: 23/23 MP: 1/1
    27 | D:5      | Noticed Blork the orc
    32 | D:5      | Killed Blork the orc
    33 | D:5      | Reached skill level 1 in Long Blades
    33 | D:5      | Reached skill level 1 in Axes
    33 | D:5      | Reached skill level 1 in Maces & Flails
    33 | D:5      | Reached skill level 1 in Polearms
    33 | D:5      | Reached skill level 1 in Staves
    33 | D:5      | Reached skill level 1 in Slings
    33 | D:5      | Reached skill level 1 in Bows
    33 | D:5      | Reached skill level 1 in Crossbows
    33 | D:5      | Reached skill level 1 in Throwing
    33 | D:5      | Reached skill level 1 in Armour
    33 | D:5      | Reached skill level 1 in Shields
    33 | D:5      | Reached skill level 1 in Unarmed Combat
    33 | D:5      | Reached skill level 1 in Spellcasting
    33 | D:5      | Reached skill level 1 in Invocations
    33 | D:5      | Reached skill level 1 in Evocations
    33 | D:5      | Reached XP level 2. HP: 29/29 MP: 1/3
    33 | D:5      | Reached XP level 3. HP: 35/35 MP: 1/4
    33 | D:5      | Reached XP level 4. HP: 41/41 MP: 1/5
   126 | D:5      | Noticed a black bear
   143 | D:5      | Reached skill level 1 in Conjurations
   143 | D:5      | Reached skill level 1 in Hexes
   143 | D:5      | Reached skill level 1 in Summonings
   143 | D:5      | Reached skill level 1 in Necromancy
   143 | D:5      | Reached skill level 1 in Translocations
   143 | D:5      | Reached skill level 1 in Transmutations
   143 | D:5      | Reached skill level 1 in Fire Magic
   143 | D:5      | Reached skill level 1 in Ice Magic
   143 | D:5      | Reached skill level 1 in Air Magic
   143 | D:5      | Reached skill level 1 in Earth Magic
   143 | D:5      | Reached skill level 1 in Poison Magic
   179 | D:5      | Slain by a black bear

Illustrated notes

Levels and vault maps discovered:
D:5:      layout_gridville, mainiacjoe_overflow_large_starburst,
          kennysheep_generic_room_2, uniq_blork_the_orc

Skill      XL: |  1  2  3  4 |
---------------+-------------+-----
Stealth        | |  9.6
Long Blades    | 1 |  1.2
Axes           | 1 |  1.2
Maces & Flails | 1 |  1.2
Polearms       | 1 |  1.2
Staves         | 1 |  1.2
Slings         | 1 |  1.2
Bows           | 1 |  1.2
Crossbows      | 1 |  1.2
Throwing       | 1 |  1.2
Armour         | 1 |  1.2
Shields        | 1 |  1.2
Unarmed Combat | 1 |  1.2
Spellcasting   | 1 |  1.2
Invocations    | 1 |  1.3
Evocations     | 1 |  1.2
Conjurations   | 1 |  1.0
Hexes          | 1 |  1.0
Summonings     | 1 |  1.0
Necromancy     | 1 |  1.0
Translocations | 1 |  1.0
Transmutations | 1 |  1.0
Fire Magic     | 1 |  1.0
Ice Magic      | 1 |  1.0
Air Magic      | 1 |  1.0
Earth Magic    | 1 |  1.0
Poison Magic   | 1 |  1.0
Fighting       | |  6.6
Short Blades   | |  4.7
Dodging        | |  4.7

Action                   |  1- 3 |  4- 6 || total
-------------------------+-------+-------++-------
Melee: Short sword       |     1 |    15 ||    16
       Bite              |       |     3 ||     3
 Stab: Sleeping          |     1 |       ||     1
Dodge: Dodged            |       |    14 ||    14

Table legend: (Time is in decaauts)
 A = Elapsed time spent in this place.
 B = Non-inter-level travel time spent in this place.
 C = Inter-level travel time spent in this place.
 D = Time resting spent in this place.
 E = Time spent auto-exploring this place.
 F = Levels seen in this place.
 G = Mean time per level.
                   A        B        C        D        E       F      G
               +--------+--------+--------+--------+--------+-----+--------+
         Total |    176 |    176 |      0 |     29 |    116 |   1 |  176.0 |
       Dungeon |    176 |    176 |      0 |     29 |    116 |   1 |  176.0 |
               +--------+--------+--------+--------+--------+-----+--------+

Top non-repeatable levels by time:
     D:5: 176 daAuts
